 Dungeon Crawl Stone Soup version 0.25.0-15-gac7dcb8919 (webtiles) character file.

Game seed: 5623464217650942284

37467 WhoHaz the Stickfighter (level 13, -6/122 HPs)
             Began as a Minotaur Chaos Knight on June 27, 2020.
             Was a Plaything of Xom.
             Mangled by a swamp dragon (14 damage)
             ... summoned by a boggart
             ... on level 1 of the Depths on June 29, 2020.
             The game lasted 01:40:12 (17017 turns).

WhoHaz the Stickfighter (Minotaur Chaos Knight)    Turns: 17017, Time: 01:40:14

Health: -6/122     AC: 16    Str: 23 (24) XL:     13   Next: 58%
Magic:  11/14      EV: 15    Int:  6 (9)  God:    Xom [......]
Gold:   2178       SH:  5    Dex: 11 (12) Spells: 12/12 levels left

rFire    . . .     SeeInvis +   r - +3 quarterstaff (chaos)
rCold    . . .     Gourm    .   (shield currently unavailable)
rNeg     . . .     Faith    .   x - +4 ring mail {rPois}
rPois    +         Spirit   .   (helmet unavailable)
rElec    .         Reflect  +   Q - +2 cloak
rCorr    .         Harm     .   P - +0 pair of gloves {archery}
MR       +....                  (no boots)
Stlth    +.........             C - amulet "Aphyol" {Reflect MR+ Slay+2 SH+5 SInv}
HPRegen  0.30/turn              p - ring of see invisible
MPRegen  0.14/turn              w - +6 ring of strength

@: liquid flames, hasted (expiring), glowing, very quick
A: retaliatory headbutt, horns 3, clumsy 1, deterioration 2, high mp 1, mutation
resistance 1, screaming 1, MP-powered wands
a: Renounce Religion


You were on level 1 of the Depths.
You worshipped Xom.
You were a very special plaything of Xom.
You were not hungry.

You visited 2 branches of the dungeon, and saw 14 of its levels.
You also visited: Ice Cave.

You collected 2548 gold pieces.
You spent 370 gold pieces at shops.

Inventory:

Hand Weapons
 q - a +2 vorpal long sword
 r - a +3 quarterstaff of chaos (weapon)
 E - a +2 flail of protection
Missiles
 k - 64 poisoned darts
 F - 3 silver javelins (quivered)
Armour
 x - a +4 ring mail of poison resistance (worn)
 P - a +0 pair of gloves of archery (worn)
 Q - a +2 cloak (worn)
Jewellery
 p - a ring of see invisible (left hand)
 w - a +6 ring of strength (right hand)
 C - the amulet "Aphyol" (around neck) {Reflect MR+ Slay+2 SH+5 SInv}
   (You found it on level 7 of the Dungeon)

   [amulet of reflection]

   It shields you and reflects attacks.
   It affects your accuracy and damage with ranged weapons and melee attacks
   (+2).
   It affects your resistance to hostile enchantments.
   It lets you see invisible.
   It affects your SH (+5).
 O - an uncursed amulet of the acrobat
Wands
 b - a wand of iceblast (25)
 v - a wand of flame (3)
 y - a wand of enslavement (3)
 L - a wand of random effects (12)
 N - a wand of disintegration (10)
Scrolls
 a - a scroll of enchant weapon {unknown}
 d - 6 scrolls of remove curse
 g - 2 scrolls of noise {unknown}
 l - 3 scrolls of random uselessness {unknown}
 n - 3 scrolls of blinking
 s - a scroll of immolation {unknown}
 z - a scroll of amnesia {unknown}
 A - a scroll of enchant armour {unknown}
 B - 3 scrolls of teleportation
 D - 2 scrolls of vulnerability {unknown}
 H - a scroll of silence {unknown}
 I - a scroll of acquirement {unknown}
 J - a scroll of fog {unknown}
 R - 4 scrolls of identify
Potions
 e - a potion of magic {unknown}
 f - a potion of haste
 h - 4 potions of stabbing
 i - a potion of lignification {unknown}
 j - a potion of invisibility {unknown}
 m - 6 potions of brilliance
 o - 6 potions of curing
 t - a potion of experience {unknown}
 u - a potion of might {unknown}
 M - a potion of flight {unknown}
Miscellaneous
 G - a phial of floods
 K - a box of beasts
Comestibles
 c - 18 rations


   Skills:
 + Level 13.4 Fighting
 + Level 6.9(12.7) Maces & Flails
 * Level 16.3(16.7) Staves
 + Level 7.8 Throwing
 + Level 11.1 Armour
 + Level 8.4 Dodging
 - Level 1.1 Stealth
 - Level 0.9 Evocations


You had 12 spell levels left.
You didn't know any spells.
Your spell library contained the following spells:

 Spells                   Type           Power        Failure   Level  Hunger
 Corona                   Hex            #......      56%         1    ##.....
 Infusion                 Chrm           #...         56%         1    ##.....
 Corpse Rot               Necr/Air       N/A          71%         2    ###....
 Shroud of Golubria       Chrm/Tloc      #.....       71%         2    ###....
 Slow                     Hex            #.......     71%         2    ###....
 Song of Slaying          Chrm           #.......     71%         2    ###....
 Inner Flame              Hex/Fire       #.......     91%         3    ####...
 Ozocubu's Armour         Chrm/Ice       #.......     91%         3    ####...
 Portal Projectile        Hex/Tloc       #.....       91%         3    ####...
 Spectral Weapon          Hex/Chrm       #.......     91%         3    ####...
 Stone Arrow              Conj/Erth      #.....       91%         3    ####...
 Cause Fear               Hex            #.........   100%        4    #####..
 Leda's Liquefaction      Hex/Erth       #.........   100%        4    #####..
 Bolt of Magma            Conj/Fire/Erth #.........   100%        5    ######.
 Iskenderun's Battlesphe  Conj/Chrm      #.......     100%        5    ######.
 Summon Forest            Summ/Tloc      #.........   100%        5    ######.
 Eringya's Noxious Bog    Tmut/Pois      #.........   100%        6    #######
 Hydra Form               Tmut           #.........   100%        6    #######
 Iron Shot                Conj/Erth      #.........   100%        6    #######
 Orb of Destruction       Conj           #.........   100%        7    #######
 Spellforged Servitor     Conj/Summ      #.........   100%        7    #######
 Summon Hydra             Summ           #.........   100%        7    #######


Dungeon Overview and Level Annotations

Branches:
Dungeon (15/15)            Temple (0/1) D:7            Lair (0/6) D:11
 Depths (1/5) D:15          IceCv (visited)
    Orc: D:9-12      Vaults: D:13-14

Altars:
Ashenzari
Cheibriados
Dithmenos
Elyvilon
Fedhas
Gozag
Kikubaaqudgha
Okawaru
Ru
Trog
Vehumet
Wu Jian
Xom
Yredelemnul
Zin
The Shining One

Shops:
D:4 (   D:7 %   D:9 %   D:12 *

Annotations:
D:11 exclusions: ice statue and 2 oklob plants
D:12 3 runed translucent doors, Afrar's ghost, journeyman FoFi


Innate Abilities, Weirdness & Mutations

You reflexively headbutt those who attack you in melee.
You have a pair of large horns on your head.
You are clumsy. (Dex -2)
Your body often deteriorates upon taking damage.
You have an increased reservoir of magic. (+10% MP)
You are somewhat resistant to further mutation.
You occasionally shout uncontrollably at your foes.
You expend magic power (3 MP) to strengthen your wands.


Message History

You hit the deep troll but do no damage.
The deep troll evaporates and reforms as a swamp dragon!
You headbutt the swamp dragon!
The swamp dragon is lightly wounded.
You are covered in liquid flames!
* * * LOW HITPOINT WARNING * * *
The boggart casts a spell.
The boggart blinks!
You sock the swamp dragon! You freeze the swamp dragon.
Your headbutt misses the swamp dragon.
The swamp dragon is moderately wounded.
You are covered in liquid flames!
* * * LOW HITPOINT WARNING * * *
You completely miss the swamp dragon.
The swamp dragon is moderately wounded.
You are covered in liquid flames!
Your extra speed is starting to run out.
The swamp dragon bites you!
You die...
Xom titters!

..... ######.....##
#...# .....
.....$......### ##.....
..... ..)..g........#
%...... .....
..............###.......
.....
........§......#.:....§.
##...
...................(%.##
. .. #....T.C..........
# . +.$uuu...........# #
#.D@uT...######### #
#........# ##########


You could see 3 very ugly things, a swamp dragon (summoned), a red ugly thing
(summoned), an ettin (summoned, confused), 2 deep trolls and a boggart.

Vanquished Creatures
  A stone giant (Depths:1)
  A dire elephant (D:15)
  An ogre mage (D:15)
  An ice dragon (Depths:1)
  2 great orbs of eyes
  A hydra (D:15)
  6 two-headed ogres
  2 centaur warriors (D:15)
  4 skeletal warriors (D:15)
  A sixfirhy (D:9)
  A glowing orange brain (Depths:1)
  2 unseen horrors
  An orc knight (D:15)
  A necromancer (IceCv)
  An ugly thing (D:7)
  A manticore (D:12)
  A deep elf mage (D:15)
  3 cyclopes
  An ice statue (IceCv)
  Psyche (D:8)
  A centaur skeleton (D:15)
  An efreet (D:15)
  2 kobold demonologists (D:15)
  Maggie (D:7)
  A komodo dragon (D:15)
  10 freezing wraiths (IceCv)
  A merfolk (D:15)
  A troll (D:9)
  A queen bee (shapeshifter) (D:2)
  A hornet (D:6)
  Prince Ribbit (D:7)
  3 slime creatures (D:11)
  2 shadows
  A spriggan (D:7)
  2 wyverns
  12 yaks
  A hungry ghost (D:15)
  Eustachio (D:5)
  A steam dragon (D:7)
  A swamp worm (D:12)
  A warg (D:15)
  2 insubstantial wisps (D:7)
  Edmund (D:5)
  A water moccasin (D:10)
  A floating eye (D:10)
  16 ice beasts
  9 sky beasts
  10 ogres
  3 eyes of draining
  2 necrophages (D:10)
  8 orc warriors
  4 phantoms
  5 boggarts
  4 centaurs
  4 big kobolds
  9 bullfrogs
  2 scorpions
  An elephant simulacrum (IceCv)
  A swamp dragon simulacrum (IceCv)
  3 killer bees (D:12)
  10 wights
  An electric eel (D:10)
  A quasit (D:9)
  3 jellies
  8 crimson imps
  4 orc priests
  2 bullfrog skeletons
  2 bullfrog zombies
  7 draconian simulacra (IceCv)
  7 hounds
  11 orc wizards
  Crazy Yiuf (D:3)
  A human skeleton (D:9)
  3 iguanas
  8 worker ants
  2 spriggan simulacra (IceCv)
  A polar bear simulacrum (IceCv)
  5 troll simulacra (IceCv)
  A wolf simulacrum (IceCv)
  A killer bee zombie (D:9)
  A centaur simulacrum (IceCv)
  A hound skeleton (D:7)
  A howler monkey zombie (D:8)
  A howler monkey skeleton (D:8)
  15 adders
  10 gnolls
  2 naga simulacra (IceCv)
  3 ogre simulacra (IceCv)
  3 shadow imps
  12 white imps (IceCv)
  An ooze (D:2)
  An adder zombie (D:6)
  2 adder skeletons
  2 worms
  3 dart slugs
  3 leopard geckos
  36 orcs
  11 giant cockroaches
  5 hobgoblins
  10 jackals
  18 kobolds
  4 quokkas
  6 ball pythons
  11 bats
  3 frilled lizards
  8 goblins
  A jackal skeleton (D:5)
  2 jackal zombies
  A leopard gecko skeleton (D:5)
  A leopard gecko zombie (D:7)
  6 rats
  A plant (D:10)
429 creatures vanquished.

Vanquished Creatures (collateral kills)
  A hydra (D:11)
  A hippogriff (D:7)
  A necrophage (D:6)
  A centaur (D:6)
  An ogre (D:6)
  A scorpion (D:11)
  A crimson imp (D:7)
  An orc priest (D:11)
  A centaur skeleton (D:6)
  An adder (D:3)
  A shadow imp (D:6)
  4 orcs
  A kobold (D:3)
16 creatures vanquished.

Vanquished Creatures (others)
  4 yaks (D:11)
  A sky beast (D:7)
  A necrophage (D:9)
  An eye of draining (D:10)
  An orc (D:9)
  A quokka (D:8)
9 creatures vanquished.

Grand Total: 454 creatures vanquished

Notes
Turn   | Place    | Note
-------+----------+-------------------------------------------
     0 | D:1      | WhoHaz the Minotaur Chaos Knight began the quest for the
                  | Orb.
     0 | D:1      | Reached XP level 1. HP: 19/19 MP: 0/0
   172 | D:1      | Reached XP level 2. HP: 27/27 MP: 1/1
   344 | D:1      | XOM is BORED!
   344 | D:1      | XOM: silly message
   477 | D:1      | XOM: silly message
   836 | D:2      | Reached XP level 3. HP: 31/33 MP: 2/2
   908 | D:2      | XOM is BORED!
   908 | D:2      | XOM: silly message
  1042 | D:2      | Found a blossoming altar of Fedhas.
  1057 | D:2      | Found an iron altar of Okawaru.
  1199 | D:2      | Noticed a shapeshifter
  1199 | D:2      | an adder changed into a shapeshifter
  1199 | D:2      | XOM: potion effect (brilliance)
  1199 | D:2      | Noticed a queen bee
  1199 | D:2      | a shapeshifter changed into a queen bee
  1207 | D:2      | Killed a queen bee
  1207 | D:2      | Reached skill level 5 in Fighting
  1207 | D:2      | Reached skill level 5 in Maces & Flails
  1207 | D:2      | Reached XP level 4. HP: 12/42 MP: 3/3
  1207 | D:2      | Reached XP level 5. HP: 14/48 MP: 4/4
  1207 | D:2      | Reached XP level 6. HP: 17/56 MP: 5/5
  1555 | D:2      | XOM: scenery: create altars
  1640 | D:2      | Reached skill level 1 in Stealth
  1660 | D:2      | XOM: cast spell 'Statue Form'
  1797 | D:2      | Found a bloodstained altar of Trog.
  1892 | D:2      | Found a shattered altar of Ashenzari.
  2134 | D:2      | XOM: scenery: create altars
  2434 | D:3      | XOM: polymorph bat -> leopard gecko
  2611 | D:3      | XOM: scenery: 1 doors open, 1 doors close
  2756 | D:3      | XOM: silly message
  2832 | D:3      | XOM: silly message
  2858 | D:3      | XOM: silly message
  2870 | D:3      | XOM: silly message
  2926 | D:3      | Found a runed translucent door.
  2927 | D:3      | Noticed Crazy Yiuf
  2932 | D:3      | Killed Crazy Yiuf
  3062 | D:3      | XOM: silly message
  3412 | D:4      | Found Gaac's Antique Weapon Shop.
  3444 | D:4      | Reached XP level 7. HP: 26/62 MP: 6/6
  3542 | D:4      | Reached skill level 1 in Staves
  3828 | D:4      | Reached skill level 1 in Throwing
  3850 | D:4      | XOM: silly message
  3853 | D:4      | Reached skill level 2 in Staves
  4043 | D:4      | Got a distressingly furry leather armour
  4053 | D:4      | Identified the cursed +1 leather armour of Relativism
                  | {Str+3 Int-3} (You found it on level 4 of the Dungeon)
  4410 | D:4      | Found a sacrificial altar of Ru.
  4482 | D:5      | Entered Level 5 of the Dungeon
  4491 | D:5      | XOM: divination: magic mapping
  4500 | D:5      | XOM: confuse monster(s)
  4504 | D:5      | Reached skill level 3 in Staves
  4562 | D:5      | Noticed Edmund
  4566 | D:5      | XOM: blink monster(s)
  4570 | D:5      | XOM: confusion (+ monsters)
  4576 | D:5      | XOM: confuse monster(s)
  4586 | D:5      | Killed Edmund
  4764 | D:5      | Reached skill level 4 in Staves
  4893 | D:5      | Reached XP level 8. HP: 70/70 MP: 7/7
  4934 | D:5      | Found an opulent altar of Gozag.
  4934 | D:5      | Found a bloodstained altar of Trog.
  4937 | D:5      | Found an ornate altar of the Wu Jian Council.
  4967 | D:5      | Found a basalt altar of Yredelemnul.
  4969 | D:5      | Found an ancient bone altar of Kikubaaqudgha.
  5009 | D:5      | Reached skill level 5 in Staves
  5029 | D:5      | Found a glowing silver altar of Zin.
  5061 | D:5      | Noticed Eustachio
  5071 | D:5      | Killed Eustachio
  5071 | D:5      | Reached skill level 6 in Staves
  5088 | D:5      | XOM: silly message
  5258 | D:5      | XOM: give mutations
  5258 | D:5      | Gained mutation: Your spells are a little easier to cast,
                  | but a little less powerful. [Xom's mischief]
  5258 | D:5      | Gained mutation: You expend magic power (3 MP) to
                  | strengthen your wands. [Xom's mischief]
  5258 | D:5      | Gained mutation: You occasionally shout uncontrollably at
                  | your foes. [Xom's mischief]
  5258 | D:5      | Gained mutation: Your body sometimes deteriorates upon
                  | taking damage. [Xom's mischief]
  5373 | D:6      | Reached skill level 5 in Armour
  5529 | D:6      | Noticed a hornet
  5535 | D:6      | Killed a hornet
  5535 | D:6      | Reached skill level 7 in Staves
  5632 | D:6      | XOM: give mutation
  5632 | D:6      | Lost mutation: Your spells are a little easier to cast, but
                  | a little less powerful. [Xom's mischief]
  5672 | D:6      | Noticed a two-headed ogre
  5676 | D:6      | XOM: swap monsters
  5685 | D:6      | XOM: silly message
  5687 | D:6      | Killed a two-headed ogre
  5687 | D:6      | Reached skill level 8 in Staves
  5687 | D:6      | Reached XP level 9. HP: 36/79 MP: 8/8
  5811 | D:6      | XOM: god gift: crooked wooden wand {god gift}
  6332 | D:6      | Reached skill level 9 in Staves
  6397 | D:6      | XOM: scenery: 1 doors open
  6555 | D:6      | XOM: confuse monster(s)
  6664 | D:6      | XOM: divination: magic mapping
  6824 | D:7      | XOM: confuse monster(s)
  7067 | D:7      | XOM: cleaving
  7076 | D:7      | XOM: divination: magic mapping
  7080 | D:7      | XOM: cast spell 'Leda's Liquefaction'
  7084 | D:7      | XOM: potion effect (brilliance)
  7088 | D:7      | XOM: potion effect (berserk rage)
  7089 | D:7      | XOM: summons 7 friendly demons
  7091 | D:7      | Reached XP level 10. HP: 88/88 MP: 9/9
  7099 | D:7      | XOM: noise
  7108 | D:7      | Noticed a cyan ugly thing
  7108 | D:7      | XOM: divination: detect creatures
  7109 | D:7      | XOM: potion effect (might)
  7113 | D:7      | Killed a cyan ugly thing
  7113 | D:7      | Reached skill level 10 in Staves
  7138 | D:7      | Reached skill level 5 in Throwing
  7154 | D:7      | Got a faintly glowing emerald amulet
  7156 | D:7      | XOM: god gift: 37 gold pieces
  7291 | D:7      | XOM: give mutations
  7291 | D:7      | Gained mutation: You have sharp toenails. [Xom's grace]
  7291 | D:7      | Gained mutation: You have a pair of large horns on your
                  | head. [Xom's grace]
  7291 | D:7      | Gained mutation: You have an increased reservoir of magic.
                  | (+10% MP) [Xom's grace]
  7293 | D:7      | Found Uwunicorph's Food Boutique.
  7294 | D:7      | XOM: 3-stop teleportation journey
  7410 | D:7      | XOM: 6-stop teleportation journey
  7438 | D:7      | XOM: confuse monster(s)
  7494 | D:7      | Bought a ration for 55 gold pieces
  7494 | D:7      | Bought a ration for 55 gold pieces
  7523 | D:7      | XOM: polymorph iguana -> worker ant
  7540 | D:7      | Found a snail-covered altar of Cheibriados.
  7648 | D:7      | Found a staircase to the Ecumenical Temple.
  7652 | D:7      | Noticed Maggie
  7653 | D:7      | XOM: divination: detect creatures
  7659 | D:7      | Killed Maggie
  7659 | D:7      | Reached skill level 5 in Dodging
  7756 | D:7      | XOM: god gift: 1510 gold pieces
  7838 | D:7      | XOM: god gift: green potion {god gift}
  7950 | D:7      | Reached skill level 11 in Staves
  8018 | D:8      | XOM: confuse monster(s)
  8020 | D:8      | Noticed Prince Ribbit
  8036 | D:7      | Killed Prince Ribbit
  8203 | D:8      | Identified the amulet "Aphyol" {Reflect MR+ Slay+2 SH+5
                  | SInv} (You found it on level 7 of the Dungeon)
  8248 | D:8      | XOM: god gift: 6 bolts
  8327 | D:8      | XOM: cloud trail
  8362 | D:8      | Found a white marble altar of Elyvilon.
  8412 | D:8      | XOM: draining
  8455 | D:8      | Noticed Psyche
  8463 | D:8      | Killed Psyche
  8687 | D:8      | Found a radiant altar of Vehumet.
  8757 | D:9      | Found a runed translucent door.
  8761 | D:9      | Found a basalt altar of Yredelemnul.
  8810 | D:9      | XOM: give mutation
  8810 | D:9      | Gained mutation: You are partially covered in yellow
                  | scales. (AC +2) [Xom's grace]
  8822 | D:9      | XOM: cleaving
  8831 | D:9      | XOM: fog
  8948 | D:9      | Found a runed translucent door.
  8948 | D:9      | Noticed a sixfirhy
  8965 | D:9      | Killed a sixfirhy
  8965 | D:9      | Reached XP level 11. HP: 58/96 MP: 11/11
  9141 | D:9      | Reached skill level 12 in Staves
  9154 | D:9      | Found Vylirot's Food Boutique.
  9164 | D:9      | Bought a ration for 65 gold pieces
  9164 | D:9      | Bought a ration for 65 gold pieces
  9164 | D:9      | Bought a ration for 65 gold pieces
  9164 | D:9      | Bought a ration for 65 gold pieces
  9379 | D:9      | Noticed a two-headed ogre
  9388 | D:9      | XOM: enchant monster (good)
  9390 | D:9      | Killed a two-headed ogre
  9403 | D:9      | Noticed an unseen horror
  9423 | D:9      | Killed an unseen horror
  9469 | D:9      | Found a shimmering altar of Xom.
  9645 | D:9      | XOM: scenery: 1 doors close
  9723 | D:9      | XOM: god gift: 8 silver javelins
  9780 | D:10     | Entered Level 10 of the Dungeon
  9856 | D:10     | XOM: 1-stop teleportation journey
  9861 | D:10     | Noticed a two-headed ogre
  9861 | D:10     | XOM: confuse monster(s)
  9865 | D:10     | a two-headed ogre changed into a floating eye
  9865 | D:10     | XOM: polymorph two-headed ogre -> floating eye
 10096 | D:10     | XOM: divination: detect items
 10318 | D:10     | XOM: potion effect (heal wounds)
 10520 | D:10     | XOM: destruction
 10523 | D:10     | XOM: noise
 10525 | D:10     | Reached skill level 10 in Fighting
 10528 | D:10     | Noticed an unseen horror
 10528 | D:10     | a yak changed into an unseen horror
 10529 | D:10     | Killed an unseen horror
 10529 | D:10     | Reached skill level 13 in Staves
 10588 | D:10     | XOM: confuse monster(s)
 10802 | D:10     | XOM: noise
 10943 | D:11     | Noticed a two-headed ogre
 10957 | D:11     | Killed a two-headed ogre
 10958 | D:11     | Noticed a five-headed hydra
 10969 | D:11     | Killed a five-headed hydra
 11198 | D:11     | Found a glowing golden altar of the Shining One.
 11210 | D:11     | XOM: divine lightning
 11358 | D:11     | Noticed an oklob plant
 11450 | D:11     | Found a staircase to the Lair.
 11719 | D:11     | Noticed an oklob plant
 11838 | D:11     | Noticed a two-headed ogre
 11847 | D:11     | Killed a two-headed ogre
 12149 | D:11     | XOM: stat loss: -1 Str (22/23)
 12237 | D:11     | Reached XP level 12. HP: 47/110 MP: 12/12
 12242 | D:11     | Reached skill level 10 in Armour
 12254 | D:11     | XOM: god gift: emerald potion {god gift}
 12441 | D:11     | XOM: 1-stop teleportation journey
 12540 | D:12     | XOM: summons friendly iron imp
 12544 | D:12     | XOM: confuse monster(s)
 12882 | D:12     | Found a runed translucent gate.
 12882 | D:12     | Found a runed translucent gate.
 12882 | D:12     | Found an opulent altar of Gozag.
 12883 | D:12     | Found a runed translucent gate.
 12886 | D:12     | Noticed Afrar's ghost (journeyman FoFi)
 12980 | D:12     | Found Foufag's Assorted Antiques.
 13057 | D:12     | You fall into a shaft and drop 3 floors!
 13057 | D:15     | Entered Level 15 of the Dungeon
 13079 | D:15     | Upgraded the game from 0.25.0-11-g1f837a76a1 to
                  | 0.25.0-15-gac7dcb8919
 13116 | D:15     | XOM: fog
 13143 | D:15     | XOM: scenery: create altars
 13165 | D:15     | XOM: enchant monster (good)
 13171 | D:15     | Found a frozen archway.
 13230 | D:15     | Noticed a centaur warrior
 13231 | D:15     | XOM: scenery: 1 doors close
 13236 | D:15     | Killed a centaur warrior
 13258 | D:15     | XOM: cast spell 'Summon Mana Viper'
 13263 | D:15     | Reached skill level 14 in Staves
 13279 | IceCv    | Entered an ice cave
 13281 | IceCv    | XOM: cleaving
 13325 | IceCv    | Found an ancient bone altar of Kikubaaqudgha.
 13325 | IceCv    | XOM: 7-stop teleportation journey
 13336 | IceCv    | XOM: chaos cloud
 13341 | IceCv    | XOM: polymorph ice beast -> crocodile
 13686 | IceCv    | XOM: enchant monster (good)
 13734 | IceCv    | XOM: summons 3 hostile demons
 13794 | IceCv    | XOM: torment (42/112 hp)
 13796 | IceCv    | XOM: blink monster(s)
 13800 | IceCv    | XOM: fake destruction
 13834 | IceCv    | XOM: silly message
 14136 | IceCv    | XOM: summons 7 hostile demons
 14427 | D:15     | Found a shadowy altar of Dithmenos.
 14584 | D:15     | Noticed a dire elephant
 14585 | D:15     | XOM: divination: detect creatures
 14586 | D:15     | Noticed a five-headed hydra
 14586 | D:15     | Noticed a great orb of eyes
 14591 | D:15     | Found a staircase to the Depths.
 14610 | D:15     | Killed a five-headed hydra
 14612 | D:15     | XOM: enchant monster (good)
 14615 | D:15     | Killed a dire elephant
 14615 | D:15     | Reached skill level 15 in Staves
 14633 | D:15     | XOM: summons friendly white imp
 14637 | D:15     | Killed a great orb of eyes
 14637 | D:15     | Reached XP level 13. HP: 31/119 MP: 14/14
 15002 | D:15     | XOM: stat loss: -1 Int (8/9)
 15023 | D:15     | XOM: confusion
 15031 | D:15     | XOM: 5-stop teleportation journey
 15350 | D:15     | XOM: swap monsters
 15599 | D:15     | XOM: cleaving
 15602 | D:15     | XOM: give mutation
 15602 | D:15     | Gained mutation: You are somewhat resistant to further
                  | mutation. [Xom's grace]
 15942 | D:15     | XOM: summons 2 hostile shadow creatures
 16266 | D:15     | Reached skill level 16 in Staves
 16285 | D:15     | XOM: give mutations
 16285 | D:15     | Gained mutation: Your body often deteriorates upon taking
                  | damage. [Xom's mischief]
 16285 | D:15     | Lost mutation: You have sharp toenails. [Xom's mischief]
 16285 | D:15     | Lost mutation: You are partially covered in yellow scales.
                  | (AC +2) [Xom's mischief]
 16285 | D:15     | Gained mutation: You are clumsy. (Dex -2) [Xom's mischief]
 16498 | Depths:1 | Entered Level 1 of the Depths
 16514 | Depths:1 | Noticed a stone giant
 16524 | Depths:1 | Killed a stone giant
 16527 | Depths:1 | XOM: noise
 16528 | Depths:1 | XOM: noise
 16535 | Depths:1 | Noticed an ettin
 16541 | Depths:1 | Xom revived you
 16548 | Depths:1 | HP: 6/122 [ice dragon/blast of cold (18)]
 16960 | Depths:1 | XOM: 1-stop teleportation journey
 16963 | Depths:1 | XOM: chaos cloud
 16967 | Depths:1 | XOM: 2-stop teleportation journey
 16998 | Depths:1 | Noticed an ettin
 17002 | Depths:1 | XOM: swap monsters
 17004 | Depths:1 | Noticed a red very ugly thing
 17004 | Depths:1 | Noticed a red very ugly thing
 17004 | Depths:1 | Noticed a red very ugly thing
 17012 | Depths:1 | XOM: blink monster(s)
 17017 | Depths:1 | Mangled by a swamp dragon

Illustrated notes

Levels and vault maps discovered:
D:1:      lightli_arrival_chessboard, layout_loops_ring, hex_large,
          minmay_bisected
D:2:      layout_basic, overflow_temple_1_default, grunt_temple_overflow_open,
          first_ration, bloody_trog
D:3:      layout_basic, minmay_misc_feat_diagonals, minivault_5, hex_medium,
          dk_noncrumbling_2, uniq_crazy_yiuf_cottage
D:4:      layout_cave_pods, kennysheep_mini, serial_shops, shop
D:5:      layout_cave_pools, lemuel_crystal_altar,
          nicolae_overflow_hidden_temple, serial_column_ruins,
          column_ruins_open_tiny, column_ruins_open_tiny,
          column_ruins_open_medium, column_ruins_grid_3,
          chequers_serial_rivers_micro_c, uniq_edmund, uniq_eustachio
D:6:      layout_cave_pools, grunt_ministairs_11, serial_bayou_pond_c,
          minmay_quadrilaterals
D:7:      minmay_the_grid_square_5x5_3x3 [minmay_the_grid_square_5x5_fat_x,
          minmay_the_grid_square_5x5_almost_minimal,
          minmay_the_grid_square_5x5_slash,
          minmay_the_grid_square_5x5_six_small,
          minmay_the_grid_square_5x5_megaprize_checkered,
          minmay_the_grid_square_5x5_dogpile,
          minmay_the_grid_square_5x5_n_small, minmay_the_grid_square_5x5_n,
          minmay_the_grid_square_5x5_v], layout_loops_ring,
          minmay_temple_entry_antechambers, basic_altar, serial_shops,
          nicolae_shop_behind_doors, the_bakery, hangedman_misty_isle,
          uniq_maggie
D:8:      layout_rooms, elyvilon_altar_4, old_standard_altar, uniq_psyche,
          uniq_prince_ribbit1
D:9:      cheibrodos_shockbox, layout_irregular_city, xom_teletrap_fun,
          serial_shops, shop, dk_yredelemnul_ordeal
D:10:     layout_basic, kennysheep_doodads, chequers_big_river
D:11:     layout_long_grid, dpeg_oklobed_lair, minivault_16, tso_altar
D:12:     layout_roguey, orc_0_dummy, ebering_ghost_gozag
D:15:     hangedman_depths_entry_try_elsewhere_first, layout_loops_corners,
          portal_ice_cave_entry_ice_beasts, minmay_misc_feat_roman,
          grunt_dithmenos_smoke_and_mirrors
Depths:1: layout_gridville, abyss_entry, serial_shops, shop,
          roderic_lattice_octagonal_star, lightli_too_deep,
          hangedman_summoners_spam, firewood_loft, minmay_shop_grove

Skill      XL: |  1  2  3  4  5  6  7  8  9 10 11 12 13 |
---------------+----------------------------------------+-----
Maces & Flails | 4 5 6 |  6.9
Fighting       | 4 5 6 7 8 9 11 12 13 | 13.4
Armour         | 3 4 6 7 8 9 10 11 | 11.1
Dodging        | 2 3 4 6 7 8 |  8.4
Stealth        | 1 |  1.1
Staves         | 4 8 9 11 13 15 16 | 16.3
Throwing       | 2 3 4 5 6 7 |  7.8
Evocations     | |  0.9

Action                   |  1- 3 |  4- 6 |  7- 9 | 10-12 | 13-15 || total
-------------------------+-------+-------+-------+-------+-------++-------
Melee: Mace              |    94 |    62 |       |       |       ||   156
       Headbutt          |    11 |    11 |    38 |   114 |    34 ||   208
       Quarterstaff      |       |    23 |   194 |   575 |   135 ||   927
       Long sword        |       |     2 |       |       |       ||     2
       Kick              |       |       |       |   206 |    40 ||   246
       Flail             |       |       |       |     1 |       ||     1
Throw: Dart              |       |    12 |    24 |    13 |       ||    49
       Boomerang         |       |       |    12 |       |       ||    12
       Javelin           |       |       |       |    35 |    10 ||    45
Evoke: Wand              |       |       |       |     6 |     3 ||     9
  Use: Scroll            |       |     3 |     3 |     8 |     2 ||    16
       Potion            |       |       |     4 |     6 |     2 ||    12
 Stab: Petrified         |     3 |       |       |       |       ||     3
       Confused          |       |     1 |       |     4 |     5 ||    10
       Sleeping          |       |     1 |       |     1 |       ||     2
       Paralysed         |       |     1 |       |     9 |       ||    10
       Distracted        |       |       |       |     2 |       ||     2
       Petrifying        |       |       |       |     2 |     1 ||     3
  Eat: Chunk             |       |     4 |     9 |    10 |       ||    23
       Ration            |       |     1 |     1 |     4 |     2 ||     8
Armor: Leather armour    |    48 |    23 |    11 |       |       ||    82
       Ring mail         |       |       |    39 |   147 |    25 ||   211
Dodge: Dodged            |    71 |    64 |    96 |   243 |    50 ||   524
Block: Other             |       |       |       |    69 |    19 ||    88
       Reflection        |       |       |       |     7 |     3 ||    10
       Rpst.: Long sword |       |     2 |       |       |       ||     2
